 Dungeon Crawl Stone Soup version 0.29.1-2-gbd0b4ee654 (webtiles) character file.

Game seed: 1346697368003362191

66 xian the Sneak (level 3, -6/14 HPs)
             Began as a Felid Venom Mage on Nov 12, 2022.
             Mangled by an iguana (13 damage)
             ... on level 2 of the Dungeon.
             The game lasted 00:05:25 (2905 turns).

xian the Sneak (Felid Venom Mage)                   Turns: 2905, Time: 00:05:26

Health: -6/14      AC:  1    Str: 10    XL:     3   Next: 96%
Magic:  8/8        EV: 17    Int: 18    God:
Gold:   91         SH:  0    Dex: 16    Spells: 6/7 levels left
                                        Lives:  0   Deaths: 0

rFire   . . .      SeeInvis +   (weapon unavailable)
rCold   . . .      Faith    .   (shield unavailable)
rNeg    . . .      Spirit   .   (body armour unavailable)
rPois   .          Reflect  .   (helmet unavailable)
rElec   .          Harm     .   (cloak unavailable)
rCorr   .          Rampage  .   (gloves unavailable)
Will    .....                   (boots unavailable)
Stlth   ++........              (no amulet)
HPRegen 0.04/turn               i - +6 ring of strength
MPRegen 0.11/turn               (no ring)

@: quick
A: very small, claws 1, fangs 3, see invisible, speed 1, shaggy fur 1, stealthy
paws, no weapons or thrown items, no armour, multi-lived
a: no special abilities


You were on level 2 of the Dungeon.
You visited 1 branch of the dungeon, and saw 2 of its levels.

You collected 91 gold pieces.

Inventory:

Jewellery
 i - a +6 ring of strength (left paw)
Scrolls
 d - 2 scrolls of vulnerability {unknown}
 e - 2 scrolls of enchant armour {unknown}
 g - a scroll of teleportation {unknown}
 h - a scroll of identify {unknown}
 j - a scroll of enchant weapon {unknown}
Potions
 a - a potion of magic
 b - a potion of berserk rage {unknown}
 c - 3 potions of brilliance {unknown}
 f - a potion of attraction {unknown}


   Skills:
 + Level 3.1 Dodging
 + Level 3.4 Stealth
 + Level 0.3 Unarmed Combat
 + Level 2.7 Spellcasting
 + Level 2.0 Transmutations
 + Level 3.1 Poison Magic


You had 6 spell levels left.
You knew the following spells:

 Your Spells              Type           Power      Damage    Failure   Level
a - Sting                 Tmut/Pois      44%        1d5       6%          1

Your spell library contained the following spells:

 Spells                   Type           Power      Damage    Failure   Level
 Poisonous Vapours        Pois/Air       16%        N/A       13%         2
 Mephitic Cloud           Conj/Pois/Air  6%         N/A       32%         3
 Olgreb's Toxic Radiance  Pois           13%        N/A       41%         4


Dungeon Overview and Level Annotations

Branches:
Dungeon (2/15)

Altars:


Innate Abilities, Weirdness & Mutations

You have sharp claws.
You have razor-sharp teeth.
You have supernaturally acute eyesight. (SInv)
You cover ground quickly. (Speed+)
You are covered in fur. (AC +1)
Your paws help you pounce on unaware monsters.
You are incapable of wielding weapons or throwing items.
You cannot wear armour.
You gain extra lives every three experience levels.


Message History

The dart slug is almost dead.
The dart slug launches a dart at you. The slug dart misses you.
You scratch the dart slug.
The dart slug is almost dead.
The dart slug closely misses you.
You scratch the dart slug.
You kill the dart slug!
You see here a dart slug corpse.
You now have 91 gold pieces (gained 13).
h - a scroll labelled FEITHE JI SAGH You see here a +0 mace.
You see here a quokka skeleton.
i - a +6 ring of strength You feel stronger.
i - a +6 ring of strength (left paw)
Found a stone staircase leading up.
There is a stone staircase leading up here.
e - 2 scrolls labelled TIAREM BOHAF (gained 1)
j - a scroll labelled ZIANAIMIAT A giant cockroach comes into view.
You can't see any susceptible monsters within range! (Use Z to cast anyway.)
The sting hits the giant cockroach.
The giant cockroach is poisoned.
The giant cockroach is almost dead.
You kill the giant cockroach!
An iguana comes into view.
Found a scroll labelled FEITHE JI SAGH.
The iguana hisses angrily.
You scratch the iguana but do no damage.
The iguana bites you!
Ouch! That really hurt!
You scratch the iguana but do no damage.
You bite the iguana, but do no damage. The iguana misses you.
You closely miss the iguana. The iguana closely misses you.
You scratch the iguana but do no damage.
The iguana closely misses you.
Unknown command.
The iguana bites you!
Ouch! That really hurt!
You die...

######### #.# #..
#.......# #..## #.#
#.......# ....##.#
#.......# #...#.#
#.......# #....#
#.......# #...##
##....?..# #.....
#......l.# #####.....
#.....@..#####......##.
#.######........##.###.
#.# ###....#.##.#...
#.# ####...####. #.#.##
#.# #....### #..#†#...
###.###.#### #.#.†..#
#.......# ##.......
#....†### #....†###
#....## ###..##.#


You could see an iguana.

Vanquished Creatures
  2 worms (D:2)
  4 dart slugs
  4 ball pythons (D:1)
  3 endoplasms
  A giant cockroach (D:2)
  9 hobgoblins
  2 jackals (D:1)
  3 quokkas
  7 bats
  3 frilled lizards
  5 goblins
  3 kobolds (D:1)
  3 rats
49 creatures vanquished.

Notes
Turn   | Place    | Note
-------+----------+-------------------------------------------
     0 | D:1      | xian the Felid Venom Mage began the quest for the Orb.
     0 | D:1      | Reached XP level 1. HP: 7/7 MP: 4/4
   218 | D:1      | Found a faded altar of an unknown god.
   329 | D:1      | Reached XP level 2. HP: 5/11 MP: 3/6
  1441 | D:1      | Reached XP level 3. HP: 14/14 MP: 3/7
  2905 | D:2      | Mangled by an iguana

Illustrated notes

Levels and vault maps discovered:
D:1:      tarquinn_simple_flora_water_e, layout_basic,
          dreamdust_ecumenical_altar_statues
D:2:      layout_rooms, minmay_hedge_maze

Skill      XL: |  1  2  3 |
---------------+----------+-----
Poison Magic   | 3 |  3.1
Stealth        | 3 |  3.4
Dodging        | 3 |  3.1
Transmutations | 2 |  2.0
Unarmed Combat | |  0.3
Spellcasting   | |  2.7

Action                   || total
-------------------------++-------
Melee: Unarmed           ||    59
       Punch             ||     3
       Bite              ||     6
 Cast: Sting             ||    72
 Stab: Sleeping          ||     1
Armor: Skin              ||     2
Dodge: Dodged            ||    78
